 Dungeon Crawl Stone Soup version 0.31-a0-202-g547052bce9 (webtiles) character file.

Game seed: 4951687759698135285

4902 qw the Markself (level 10, 0/59 HPs)
             Began as a Deep Elf Hunter on June 26, 2023.
             Was a Believer of Okawaru.
             Slain by a slime creature (15 damage)
             ... on level 7 of the Dungeon.
             The game lasted 00:02:41 (7002 turns).

qw the Markself (Deep Elf Hunter)                   Turns: 7002, Time: 00:02:42

Health: 0/59       AC: 11    Str: 12    XL:     10   Next: 27%
Magic:  14/15      EV: 17    Int: 15    God:    Okawaru [**....]
Gold:   503        SH:  0    Dex: 18    Spells: 9/9 levels left

rFire   . . .        Y - +2 orcbow (freeze)
rCold   . . .        (shield currently unavailable)
rNeg    . . .        i - +0 ring mail
rPois   .            c - +0 helmet
rElec   .            (no cloak)
rCorr   .            n - +1 pair of gloves
SInv    .            g - +0 pair of boots
Will    +....        (no amulet)
Stlth   +++          (no ring)
HPRegen 0.29/turn    (no ring)
MPRegen 0.14/turn

%: no passive effects
@: heroic
A: no striking features
a: Renounce Religion, Heroism


You were on level 7 of the Dungeon.
You worshipped Okawaru.
Okawaru was pleased with you.
You visited 2 branches of the dungeon, and saw 8 of its levels.

You collected 663 gold pieces.
You spent 160 gold pieces at shops.


   Skills:
 - Level 5.0(10.0) Fighting
 - Level 16.0(21.0) Ranged Weapons
 + Level 2.0(7.0) Armour
 - Level 7.2(12.2) Dodging
 - Level 1.2(6.2) Stealth
 - Level 4.1 Invocations


You had 9 spell levels left.
You didn't know any spells.
Your spell library was empty.

Inventory:

Hand Weapons
 Y - a +2 orcbow of freezing (weapon)
Armour
 c - a +0 helmet (worn)
 g - a +0 pair of boots (worn)
 i - a +0 ring mail (worn)
 n - a +1 pair of gloves (worn)
Scrolls
 a - 9 scrolls of identify
 k - 4 scrolls of teleportation
 m - a scroll of noise {unknown}
Potions
 b - a potion of degeneration {unknown}
 d - a potion of haste
 e - 3 potions of might
 f - 2 potions of enlightenment
 h - a potion of curing
 j - a potion of heal wounds
 l - a potion of resistance

Dungeon Overview and Level Annotations

Branches:
Dungeon (7/15)             Temple (1/1) D:4

Altars:
Ashenzari
Cheibriados
Dithmenos
Elyvilon
Fedhas
Gozag
Hepliaklqana
Kikubaaqudgha
Makhleb
Nemelex Xobeh
Okawaru
Qazlal
Ru
Sif Muna
Trog
Uskayaw
Vehumet
Wu Jian
Zin
The Shining One

Shops:
D:1 *   D:3 :![((   D:4 :

Annotations:
D:3 3 runed translucent doors, qw's ghost, amateur DEHu
D:4 1 runed translucent door, qw's ghost, amateur DEHu
D:6 1 runed translucent door, qw's ghost, novice NaHu


Message History

You shoot an arrow. The arrow hits the cyclops.
The arrow freezes the cyclops.
The cyclops is severely wounded.
You shoot an arrow. The arrow hits the cyclops!
The arrow freezes the cyclops.
You kill the cyclops!
Okawaru is honoured by your kill.
Your base Fighting skill increases to level 5!
You start resting.
You feel like a meek peon again.
Magic restored.
You start resting.
A troll comes into view.
6993 ||| FLEEEEING.
The troll shouts!
You hear a shout!
6994 ||| INVOKING Heroism.
You gain the combat prowess of a mighty hero.
The troll misses you. The troll completely misses you. The troll claws you!
You shoot an arrow. The arrow completely misses the troll.
You shoot an arrow. The arrow barely misses the troll.
The troll bites you. The troll completely misses you.
The troll barely misses you.
You shoot an arrow. The arrow hits the troll!
The arrow freezes the troll.
The troll is moderately wounded.
The troll barely misses you. x2; The troll misses you.
You shoot an arrow.
The arrow hits the troll but does no damage.
The troll is moderately wounded.
The troll bites you! The troll claws you.
The troll claws you but does no damage.
You shoot an arrow. The arrow barely misses the troll.
The troll misses you. x2; The troll claws you!
You shoot an arrow. The arrow hits the troll.
The arrow freezes the troll.
The troll is moderately wounded.
You shoot an arrow. The arrow hits the troll!
The arrow freezes the troll.
The troll is almost dead.
The troll bites you but does no damage. The troll barely misses you.
The troll claws you but does no damage.
You shoot an arrow. The arrow closely misses the troll.
The troll closely misses you. The troll claws you but does no damage.
The troll closely misses you. The slime creature hits you!
You die...

...###..##......#####..##########
...# ##........................##
...# ##.#####################.##
...# #.#....#....# #.## ...#
#.#.##...##.# #.## ...#
##.#.##...##.# . #...
...####..#...###...###..o #.##
###[.....##....#.J#...J.8 #.#
#....#.#...###@To# #.Y #.#
#....#.#.##...##.# #.#
#......#.##...##.# #.#
#....#.#....#...[# #.#
#....#.#####%############# #.#
#....#.##...%...##.......###.#
#....#.#..#####..#.####...##.#
#....#.#.##...##.#.)..###..#.#
######.#.#..!..#.#)[....##.#.#


You could see 2 slime creatures, a troll and an orc wizard.

Vanquished Creatures
  A two-headed ogre (D:7)
  A cyclops (D:7)
  A komodo dragon (D:7)
  Grinder (D:3)
  Sigmund (D:3)
  4 yaks (D:7)
  2 steam dragons (D:7)
  An acid dragon (D:7)
  2 water moccasins (D:7)
  A black bear (D:6)
  2 ice beasts
  An orc warrior (D:7)
  A sky beast (D:6)
  3 ogres
  3 centaurs
  A phantom (D:5)
  A bullfrog (D:6)
  3 scorpions
  A vampire bat (D:7)
  A quasit (D:7)
  2 orc priests
  5 hounds
  2 jellies
  Ijyb (D:3)
  3 sleepcaps
  4 iguanas
  7 orc wizards
  11 gnolls
  7 adders
  2 white imps
  2 worms
  3 dart slugs (D:2)
  16 orcs
  6 bats
  2 bat skeletons (D:7)
  5 bat zombies (D:7)
  4 endoplasms
  A giant cockroach (D:4)
  6 goblins
  5 hobgoblins
  5 jackals
  4 kobolds
  3 quokkas
  8 ball pythons
  4 frilled lizards
  2 goblin skeletons (D:7)
  A goblin zombie (D:7)
  4 hobgoblin zombies (D:7)
  A kobold skeleton (D:7)
  2 kobold zombies (D:7)
  2 orc skeletons (D:7)
  6 rats
168 creatures vanquished.

Notes
Turn   | Place    | Note
-------+----------+-------------------------------------------
     0 | D:1      | qw the Deep Elf Hunter began the quest for the Orb.
     0 | D:1      | Reached XP level 1. HP: 12/12 MP: 3/3
     0 | D:1      | 0 ||| qw: Version: 0.3-a-22-g0ed2b0b
     0 | D:1      | 0 ||| qw: Game counter: 5949
     0 | D:1      | 0 ||| qw: Melee chars always use a shield: true
     0 | D:1      | 0 ||| qw: God list: Okawaru
     0 | D:1      | 0 ||| qw: Allow faded altars: false
     0 | D:1      | 0 ||| qw: Do Orc after clearing Dungeon:15 true
     0 | D:1      | 0 ||| qw: Do second Lair branch before Depths: true
     0 | D:1      | 0 ||| qw: Lair rune preference: random
     0 | D:1      | 0 ||| qw: Goals: Normal
     0 | D:1      | 0 ||| PLANNING D:1-11
   190 | D:1      | Reached skill level 6 in Ranged Weapons
   190 | D:1      | Reached XP level 2. HP: 16/16 MP: 4/4
   244 | D:1      | Found Ucuinoc's General Store.
   778 | D:1      | 778 ||| UPGRADING to +0 ring mail.
   788 | D:1      | 788 ||| DROPPING +0 leather armour.
   789 | D:1      | 789 ||| READING 6 scrolls labelled ORRE NIMYTSOOQ.
   790 | D:1      | 790 ||| READING scroll labelled AJYURA KEASOPU.
   791 | D:1      | 791 ||| READING scroll labelled OHOQYM VYSU.
   792 | D:1      | 792 ||| READING scroll labelled OTHRUP HOSO.
   793 | D:1      | 793 ||| READING scroll labelled TEABEE HOOWNO.
   794 | D:1      | 794 ||| DRINKING 3 viscous ruby potions.
   795 | D:1      | 795 ||| READING 5 scrolls of identify.
   795 | D:1      | 795 ||| IDENTIFYING glowing inky potion
   796 | D:1      | 796 ||| READING 4 scrolls of identify.
   796 | D:1      | 796 ||| IDENTIFYING golden potion
   797 | D:1      | 797 ||| DROPPING scroll of butterflies.
   914 | D:2      | Reached XP level 3. HP: 13/20 MP: 5/5
   998 | D:2      | 998 ||| DROPPING +3 sling.
  1106 | D:2      | Reached skill level 7 in Ranged Weapons
  1322 | D:2      | 1322 ||| DROPPING +3 leather armour.
  1323 | D:2      | 1323 ||| READING 2 scrolls labelled NATRO VIFOBI.
  1324 | D:2      | 1324 ||| READING scroll labelled EHOYHYK YBIDUXT.
  1327 | D:2      | 1327 ||| DRINKING 2 bubbling amethyst potions.
  1328 | D:2      | 1328 ||| READING 4 scrolls of identify.
  1328 | D:2      | 1328 ||| IDENTIFYING yellow potion
  1329 | D:2      | 1329 ||| READING 3 scrolls of identify.
  1329 | D:2      | 1329 ||| IDENTIFYING pink potion
  1330 | D:2      | 1330 ||| DROPPING potion of lignification.
  1331 | D:2      | 1331 ||| DROPPING scroll of fear.
  1380 | D:3      | Found a shimmering blue altar of Sif Muna.
  1391 | D:3      | Found Qaubri Huam's Armour Shop.
  1404 | D:3      | 1404 ||| BUYING +0 helmet (58 gold).
  1404 | D:3      | Bought a +0 helmet for 58 gold pieces
  1404 | D:3      | 1404 ||| BUYING +0 pair of boots (58 gold).
  1404 | D:3      | Bought a +0 pair of boots for 58 gold pieces
  1418 | D:3      | Found a burning altar of Makhleb.
  1471 | D:3      | 1471 ||| FLEEEEING.
  1472 | D:3      | 1472 ||| FLEEEEING.
  1473 | D:3      | 1473 ||| FLEEEEING.
  1474 | D:3      | 1474 ||| FLEEEEING.
  1476 | D:3      | 1476 ||| FLEEEEING.
  1477 | D:3      | 1477 ||| FLEEEEING.
  1478 | D:3      | 1478 ||| FLEEEEING.
  1479 | D:3      | 1479 ||| FLEEEEING.
  1480 | D:3      | 1480 ||| FLEEEEING.
  1481 | D:3      | 1481 ||| FLEEEEING.
  1482 | D:3      | 1482 ||| FLEEEEING.
  1484 | D:3      | 1484 ||| FLEEEEING.
  1485 | D:3      | 1485 ||| FLEEEEING.
  1486 | D:3      | 1486 ||| FLEEEEING.
  1487 | D:3      | 1487 ||| FLEEEEING.
  1488 | D:3      | 1488 ||| FLEEEEING.
  1489 | D:3      | 1489 ||| FLEEEEING.
  1490 | D:3      | 1490 ||| FLEEEEING.
  1491 | D:3      | 1491 ||| FLEEEEING.
  1492 | D:3      | 1492 ||| FLEEEEING.
  1493 | D:3      | 1493 ||| FLEEEEING.
  1494 | D:3      | 1494 ||| FLEEEEING.
  1495 | D:3      | 1495 ||| FLEEEEING.
  1496 | D:3      | 1496 ||| FLEEEEING.
  1497 | D:3      | 1497 ||| FLEEEEING.
  1499 | D:3      | 1499 ||| FLEEEEING.
  1500 | D:3      | 1500 ||| FLEEEEING.
  1501 | D:3      | 1501 ||| FLEEEEING.
  1502 | D:3      | 1502 ||| FLEEEEING.
  1503 | D:3      | 1503 ||| FLEEEEING.
  1504 | D:3      | 1504 ||| FLEEEEING.
  1510 | D:3      | HP: 4/20 [orc priest/nerve-wracking pain (6)]
  1511 | D:3      | 1511 ||| DRINKING potion of heal wounds.
  1513 | D:3      | Reached XP level 4. HP: 21/25 MP: 6/6
  1615 | D:3      | Found Ochieps's Antique Weapon Shoppe.
  1624 | D:3      | Found Aggiw's Weapon Boutique.
  1632 | D:3      | 1632 ||| UPGRADING to +0 helmet.
  1637 | D:3      | 1637 ||| UPGRADING to +0 pair of boots.
  1765 | D:3      | Noticed Ijyb
  1767 | D:3      | 1767 ||| FLEEEEING.
  1768 | D:3      | 1768 ||| FLEEEEING.
  1769 | D:3      | 1769 ||| FLEEEEING.
  1770 | D:3      | 1770 ||| FLEEEEING.
  1779 | D:3      | 1779 ||| FLEEEEING.
  1782 | D:3      | 1782 ||| FLEEEEING.
  1786 | D:3      | Killed Ijyb
  1787 | D:3      | Reached skill level 8 in Ranged Weapons
  1809 | D:3      | Found Atorez's Book Boutique.
  1864 | D:3      | Found a stormy altar of Qazlal.
  2020 | D:3      | Found a runed translucent gate.
  2020 | D:3      | Found a runed translucent gate.
  2022 | D:3      | Noticed a steam dragon
  2024 | D:3      | Found an opulent altar of Gozag.
  2026 | D:3      | Found a runed translucent gate.
  2028 | D:3      | Noticed qw's ghost (amateur DEHu)
  2046 | D:3      | Found Poanguj's Distillery.
  2049 | D:3      | 2049 ||| SHOPLISTING potion of haste (110 gold, have 66).
  2049 | D:3      | 2049 ||| BUYING potion of might (44 gold).
  2049 | D:3      | Bought a potion of might for 44 gold pieces
  2049 | D:3      | 2049 ||| SHOPLISTING potion of might (44 gold, have 22).
  2177 | D:3      | Noticed Sigmund
  2180 | D:3      | 2180 ||| DRINKING potion of curing.
  2180 | D:3      | 2180 ||| (to cure confusion)
  2184 | D:3      | Killed Sigmund
  2185 | D:3      | Reached skill level 9 in Ranged Weapons
  2185 | D:3      | Reached XP level 5. HP: 14/29 MP: 7/7
  2185 | D:3      | Reached XP level 6. HP: 17/34 MP: 8/8
  2338 | D:3      | 2338 ||| READING scroll labelled AMUKYWNAODD.
  2339 | D:3      | 2339 ||| READING scroll labelled RUCHAI UKKAE.
  2339 | D:3      | Identified a scroll of acquirement
  2339 | D:3      | 2339 ||| ACQUIRING +8 shortbow of draining
  2339 | D:3      | Acquired a +8 shortbow of draining
  2341 | D:3      | 2341 ||| SWAPPING to +8 shortbow of draining.
  2342 | D:3      | 2342 ||| DROPPING +0 heavy shortbow.
  2424 | D:4      | Found a runed translucent door.
  2427 | D:4      | Noticed qw's ghost (amateur DEHu)
  2600 | D:4      | Found a staircase to the Ecumenical Temple.
  2601 | D:4      | 2601 ||| PLANNING TEMPLE
  2607 | D:4      | Reached skill level 1 in Armour
  2626 | D:4      | Reached skill level 10 in Ranged Weapons
  2645 | D:4      | 2645 ||| FLEEEEING.
  2646 | D:4      | 2646 ||| FLEEEEING.
  2647 | D:4      | 2647 ||| FLEEEEING.
  2648 | D:4      | 2648 ||| FLEEEEING.
  2649 | D:4      | 2649 ||| FLEEEEING.
  2650 | D:4      | 2650 ||| FLEEEEING.
  2651 | D:4      | 2651 ||| FLEEEEING.
  2657 | D:4      | 2657 ||| FLEEEEING.
  2658 | D:4      | 2658 ||| FLEEEEING.
  2659 | D:4      | 2659 ||| FLEEEEING.
  2661 | D:4      | 2661 ||| FLEEEEING.
  2663 | D:4      | 2663 ||| FLEEEEING.
  2664 | D:4      | 2664 ||| FLEEEEING.
  2665 | D:4      | 2665 ||| FLEEEEING.
  2666 | D:4      | 2666 ||| FLEEEEING.
  2667 | D:4      | 2667 ||| FLEEEEING.
  2668 | D:4      | 2668 ||| FLEEEEING.
  2669 | D:4      | 2669 ||| FLEEEEING.
  2674 | D:4      | 2674 ||| STAIRDANCE
  2796 | D:4      | 2796 ||| STAIRDANCE
  2895 | D:3      | Noticed Grinder
  2899 | D:3      | Paralysed by Grinder for 3 turns
  2905 | D:3      | Killed Grinder
  2906 | D:3      | Reached XP level 7. HP: 40/40 MP: 9/9
  3012 | Temple   | Entered the Ecumenical Temple
  3062 | Temple   | 3062 ||| PLANNING OKAWARU WORSHIP
  3175 | Temple   | Became a worshipper of Warmaster Okawaru
  3176 | Temple   | 3176 ||| PLANNING D:1-11
  3274 | D:4      | 3274 ||| Stepping ~*~*~tactically~*~*~ (outnumbered).
  3282 | D:4      | Found Goph's Tiny Tomes.
  3820 | D:4      | 3820 ||| READING 5 scrolls of identify.
  3820 | D:4      | 3820 ||| IDENTIFYING glowing clear potion
  3833 | D:5      | Entered Level 5 of the Dungeon
  3907 | D:5      | Reached skill level 11 in Ranged Weapons
  3918 | D:5      | Reached XP level 8. HP: 36/44 MP: 10/10
  3937 | D:5      | Reached skill level 12 in Ranged Weapons
  4637 | D:5      | 4637 ||| UPGRADING to +0 pair of gloves.
  4642 | D:5      | 4642 ||| READING scroll labelled RIUMACVA ZINIY.
  4781 | D:6      | Reached * piety under Okawaru
  4782 | D:6      | Reached skill level 3 in Fighting
  4786 | D:6      | Reached skill level 1 in Invocations
  4796 | D:6      | Found a runed translucent door.
  4816 | D:6      | Noticed qw's ghost (novice NaHu)
  4855 | D:6      | 4855 ||| READING scroll of enchant weapon.
  4855 | D:6      | 4855 ||| ENCHANTING +8 shortbow of draining.
  4884 | D:6      | 4884 ||| READING scroll of enchant armour.
  4884 | D:6      | 4884 ||| ENCHANTING +0 pair of gloves.
  4927 | D:6      | 4927 ||| INVOKING Heroism.
  5026 | D:6      | 5026 ||| SWAPPING to +2 orcbow of freezing.
  5027 | D:6      | 5027 ||| DROPPING +9 shortbow of draining.
  5153 | D:6      | 5153 ||| INVOKING Heroism.
  5234 | D:6      | 5234 ||| INVOKING Heroism.
  5240 | D:6      | Reached skill level 13 in Ranged Weapons
  5240 | D:6      | Reached skill level 3 in Invocations
  5635 | D:6      | 5635 ||| READING scroll labelled CAVIODGH BOXZIA.
  5655 | D:7      | 5655 ||| INVOKING Heroism.
  5660 | D:7      | 5660 ||| Stepping ~*~*~tactically~*~*~ (cloud).
  5664 | D:7      | Reached XP level 9. HP: 46/51 MP: 11/14
  5741 | D:7      | Found an ancient bone altar of Kikubaaqudgha.
  5840 | D:7      | 5840 ||| INVOKING Heroism.
  5844 | D:7      | Reached skill level 14 in Ranged Weapons
  5854 | D:7      | 5854 ||| Stepping ~*~*~tactically~*~*~ (outnumbered).
  5856 | D:7      | 5856 ||| INVOKING Heroism.
  6033 | D:7      | 6033 ||| INVOKING Heroism.
  6100 | D:7      | Found a glowing golden altar of the Shining One.
  6290 | D:7      | 6290 ||| FLEEEEING.
  6293 | D:7      | 6293 ||| INVOKING Heroism.
  6341 | D:7      | 6341 ||| FLEEEEING.
  6342 | D:7      | 6342 ||| FLEEEEING.
  6449 | D:7      | 6449 ||| INVOKING Heroism.
  6471 | D:7      | Reached skill level 15 in Ranged Weapons
  6476 | D:7      | 6476 ||| INVOKING Heroism.
  6582 | D:7      | 6582 ||| INVOKING Heroism.
  6601 | D:7      | Reached skill level 16 in Ranged Weapons
  6601 | D:7      | HP: 12/52 [water moccasin (2)]
  6602 | D:7      | 6602 ||| READING 4 scrolls of teleportation.
  6603 | D:7      | 6603 ||| DRINKING 2 potions of heal wounds.
  6604 | D:7      | Reached ** piety under Okawaru
  6882 | D:7      | 6882 ||| INVOKING Heroism.
  6944 | D:7      | Noticed a komodo dragon
  6944 | D:7      | Noticed a two-headed ogre
  6945 | D:7      | 6945 ||| INVOKING Heroism.
  6945 | D:7      | Noticed a cyclops
  6948 | D:7      | Identified the +1 quarterstaff of Qintu {venom, Str-5 Int+7
                  | Dex+3}
  6949 | D:7      | 6949 ||| Stepping ~*~*~tactically~*~*~ (outnumbered).
  6951 | D:7      | Killed a two-headed ogre
  6952 | D:7      | Reached XP level 10. HP: 56/56 MP: 12/15
  6962 | D:7      | Killed a cyclops
  6993 | D:7      | 6993 ||| FLEEEEING.
  6994 | D:7      | 6994 ||| INVOKING Heroism.
  7002 | D:7      | Slain by a slime creature

Levels and vault maps discovered:
D:1:      evilmike_arrival_hilbert_curve, layout_loops_ring, serial_shops,
          nicolae_shop_just_a_little_nook, minivault_11, minmay_pentomino_u2
D:2:      layout_rooms
D:3:      layout_basic, lemuel_round_altar, nicolae_qazlal_eye_of_the_storm,
          mainiacjoe_overflow_small_starburst, ebering_ghost_gozag,
          serial_shops, shop, nicolae_shop_tiny_real_fake_doors,
          nicolae_shop_real_fake_doors, shop_statue, shop,
          minmay_misc_feat_rows, uniq_ijyb, uniq_grinder, uniq_sigmund
D:4:      layout_loops_corners, temple_fountains, ebering_ghost_inner_flame,
          nicolae_shop_i_like_small_books_too
D:5:      layout_loops_ring, dreamdust_princess_corridor,
          minmay_gold_behind_fungi, hangedman_minor_gate_pass
D:6:      layout_basic, ebering_ghost_sewer_d
D:7:      layout_rooms, nicolae_tso_besieged_by_evil, kennysheep_vampire_church,
          minmay_the_grid_2x2 [minmay_the_grid_large_cup,
          minmay_the_grid_dragon_b, minmay_the_grid_square_x,
          minmay_the_grid_prize_big_room]
Temple:   regret_index_temple_waves

Skill      XL: |  1  2  3  4  5  6  7  8  9 10 |
---------------+-------------------------------+-----
Ranged Weapons | 6 7 9 10 11 13 16 | 16.0
Fighting       | 2 3 4 5 |  5.0
Armour         | 1 2 |  2.0
Dodging        | 4 7 |  7.2
Invocations    | 4 |  4.1
Stealth        | |  1.2

Action                     |  1- 3 |  4- 6 |  7- 9 | 10-12 || total
---------------------------+-------+-------+-------+-------++-------
   Fire: Shortbow          |   124 |    54 |    81 |       ||   259
         Orcbow            |       |       |   205 |    18 ||   223
 Invoke: Heroism           |       |       |    13 |     1 ||    14
    Use: Scroll            |    11 |     2 |     6 |       ||    19
         Potion            |     3 |     1 |     1 |       ||     5
 Armour: Leather armour    |     3 |       |       |       ||     3
         Ring mail         |     4 |     8 |    36 |     4 ||    52
  Dodge: Dodged            |    36 |    13 |    85 |    15 ||   149

Table legend:
 A = Non-vault XP
 B = Vault XP
 C = Vault XP percentage of total XP
 D = Non-vault monster count
 E = Vault monster count
 F = Vault count percentage of total count
                 A         B        C        D         E       F
            +---------+---------+-------+---------+---------+-------
      Total |    3406 |    3597 |  51.4 |     123 |      45 |  26.8
            +---------+---------+-------+---------+---------+-------
        D:1 |      29 |       3 |   9.4 |      18 |       2 |  10.0
        D:2 |      45 |       0 |   0.0 |      22 |       0 |   0.0
        D:3 |      73 |     547 |  88.2 |       9 |       3 |  25.0
        D:4 |     403 |       0 |   0.0 |      25 |       0 |   0.0
        D:5 |     130 |     406 |  75.7 |       7 |       8 |  53.3
        D:6 |    1043 |       0 |   0.0 |      21 |       0 |   0.0
        D:7 |    1683 |    2641 |  61.1 |      21 |      32 |  60.4
            +---------+---------+-------+---------+---------+-------
